 Dungeon Crawl Stone Soup version 0.30-a0-242-g7bf8e6d787 (webtiles) character file.

Game seed: 6165924319839960186

385 Hubris850 the Digger (level 6, -5/35 HPs)
             Began as a Gargoyle Earth Elementalist on Oct 11, 2022.
             Slain by an orc warrior
             ... wielding a +0 trident
              (6 damage)
             ... on level 4 of the Dungeon.
             The game lasted 00:13:32 (4053 turns).

Hubris850 the Digger (Gargoyle Earth Elementalist)  Turns: 4053, Time: 00:13:32

Health: -5/35      AC: 10    Str: 14    XL:     6   Next: 77%
Magic:  9/10       EV: 10    Int: 15    God:
Gold:   198        SH:  0    Dex: 10    Spells: 5/11 levels left

rFire   . . .      SeeInvis .    g - +0 hand axe
rCold   . . .      Faith    .    (no shield)
rNeg    + . .      Spirit   .    o - +0 ring mail
rPois   ∞          Reflect  .    s - +0 helmet
rElec   +          Harm     .    f - scarf {+Inv}
rCorr   +          Rampage  .    (no gloves)
Will    .....      Rage     3%   (no boots)
Stlth   +.........               y - amulet of the acrobat
HPRegen 0.25/turn                k - ring of resist corrosion
MPRegen 0.12/turn                m - ring of flight

@: flying
A: sickness immunity, AC +4, negative energy resistance 1, electricity
resistance, torment resistance 1, petrification resistance, berserk 1,
MP-powered wands
a: Evoke Invisibility


You were on level 4 of the Dungeon.
You visited 1 branch of the dungeon, and saw 4 of its levels.

You collected 198 gold pieces.

Inventory:

Hand Weapons
 d - a +0 club
 g - a +0 hand axe (weapon)
Missiles
 h - 2 atropa-tipped darts
 l - 2 boomerangs
 x - 3 javelins
Armour
 a - a +0 robe
 f - a scarf of invisibility (worn)
 o - a +0 ring mail (worn)
 s - a +0 helmet (worn)
Jewellery
 k - a ring of resist corrosion (left hand)
 m - a ring of flight (right hand)
 y - an amulet of the acrobat (around neck)
Scrolls
 i - 5 scrolls of fear
 j - 3 scrolls of teleportation {unknown}
 q - 2 scrolls of poison
 u - a scroll of summoning {unknown}
 v - a scroll of butterflies {unknown}
 A - a scroll of enchant armour {unknown}
Potions
 b - 2 potions of magic
 e - a potion of curing {unknown}
 n - a potion of degeneration {unknown}
 p - 2 potions of resistance
 r - 2 potions of flight
 w - a potion of attraction


   Skills:
 - Level 2.1 Fighting
 - Level 0.7 Maces & Flails
 - Level 2.0 Armour
 - Level 1.5 Dodging
 - Level 2.1 Stealth
 + Level 3.2 Spellcasting
 + Level 2.7 Conjurations
 - Level 0.7 Transmutations
 + Level 4.8 Earth Magic
 + Level 2.7 Evocations


You had 5 spell levels left.
You knew the following spells:

 Your Spells              Type           Power      Damage    Failure   Level
a - Sandblast             Erth           34%        2d9       5%          1
b - Stone Arrow           Conj/Erth      26%        3d8       24%         3
c - Passwall              Tmut/Erth      8%         N/A       19%         2

Your spell library contained the following spells:

 Spells                   Type           Power      Damage    Failure   Level
 Kiss of Death            Conj/Necr      24%        2d7       22%         1
 Confusing Touch          Hex            2%         N/A       75%         3
 Petrify                  Tmut/Erth      10%        N/A       77%         4
 Dispel Undead            Necr           2%         3d7       98%         4


Dungeon Overview and Level Annotations

Branches:
Dungeon (4/15)
 Temple: D:4-7

Altars:


Innate Abilities, Weirdness & Mutations

You are immune to sickness and miasma.
Your stone body is resilient. (AC +4)
You are immune to poison.
You resist negative energy. (rN+)
You are resistant to electric shocks. (rElec)
You are resistant to unholy torment.
You are immune to petrification.
You sometimes lose your temper in combat.
You expend magic power (3 MP) to strengthen your wands.


Message History

Aim: an orc warrior, wielding a +0 trident and wearing a +0 chain mail (lightly wounded, very poisoned, 52% to hit, chance to blind on hit: 61%)
You throw an atropa-tipped dart.
The atropa-tipped dart hits the orc warrior.
The orc warrior resists.
The orc warrior is lightly wounded.
Throw: 3 darts (atropa)
Press: ? - help, Shift-Dir - straight line, f/p - orc warrior
Aim: an orc warrior, wielding a +0 trident and wearing a +0 chain mail (moderately wounded, very poisoned, 52% to hit, chance to blind on hit: 61%)
You throw an atropa-tipped dart.
The atropa-tipped dart barely misses the orc warrior.
The orc warrior completely misses you.
There is a stone staircase leading up here.
You hit the orc warrior but do no damage.
The orc warrior is moderately wounded.
The orc warrior hits you with a +0 trident!
You hit the orc warrior.
The orc warrior is heavily wounded.
The orc warrior closely misses you.
The orc warrior hits you with a +0 trident!
Casting: Sandblast (safe; 5% risk of failure)
Confirm with . or Enter, or press ? or * to list all spells.
Aiming: Sandblast (safe; 5% risk of failure)
Press: ? - help, Shift-Dir - straight line, f/p - orc warrior
Aim: an orc warrior, wielding a +0 trident and wearing a +0 chain mail (heavily wounded, poisoned, 80% to hit)
The blast of sand hits the orc warrior but does no damage.
The orc warrior is heavily wounded.
The orc warrior closely misses you.
You barely miss the orc warrior.
The orc warrior is heavily wounded.
The orc warrior hits you with a +0 trident!
* * * LOW HITPOINT WARNING * * *
The orc warrior hits you but does no damage.
You barely miss the orc warrior.
The orc warrior is heavily wounded.
The orc warrior closely misses you.
Okay, then.
You barely miss the orc warrior.
The orc warrior is heavily wounded.
The orc warrior hits you with a +0 trident.
You die...

###############.### #.###
................# #.#
########################.#
# ......(.....# #.
####.(..## #.#######(#.##
#.#....§((#.#
#.#.###(#.#.#
#.#.#@o...#.#
#.#.....###.#
#...........#
#..########## #.........
##..####### ##..## #..##
#.##


You could see an orc warrior (poisoned).

Vanquished Creatures
  A centaur (D:4)
  An iguana (D:4)
  3 orc wizards (D:4)
  7 gnolls
  4 adders
  An ufetubus (D:4)
  4 worms
  A dart slug (D:2)
  3 orcs (D:4)
  6 endoplasms
  3 giant cockroaches
  4 goblins (D:1)
  4 hobgoblins
  9 jackals
  6 kobolds
  7 quokkas
  4 ball pythons
  6 bats
  5 frilled lizards
  7 rats
86 creatures vanquished.

Vanquished Creatures (others)
  7 plants (D:1)
7 creatures vanquished.

Grand Total: 93 creatures vanquished

Notes
Turn   | Place    | Note
-------+----------+-------------------------------------------
     0 | D:1      | Hubris850 the Gargoyle Earth Elementalist began the quest
                  | for the Orb.
     0 | D:1      | Reached XP level 1. HP: 10/10 MP: 3/3
   130 | D:1      | Reached skill level 1 in Fighting
   130 | D:1      | Reached skill level 1 in Armour
   130 | D:1      | Reached XP level 2. HP: 16/16 MP: 3/5
   462 | D:1      | Reached XP level 3. HP: 18/20 MP: 3/6
  1283 | D:2      | Reached skill level 1 in Evocations
  1412 | D:1      | Learned a level 3 spell: Stone Arrow
  1450 | D:2      | Reached XP level 4. HP: 26/26 MP: 5/7
  1801 | D:2      | Reached skill level 1 in Conjurations
  1908 | D:2      | Reached XP level 5. HP: 30/30 MP: 5/8
  1966 | D:2      | Reached skill level 4 in Earth Magic
  3267 | D:4      | Noticed a centaur
  3294 | D:4      | Killed a centaur
  3295 | D:4      | Reached XP level 6. HP: 5/35 MP: 7/10
  3467 | D:4      | Noticed an orc warrior
  3470 | D:4      | Gained mutation: You sometimes lose your temper in combat.
                  | [potion of mutation]
  3470 | D:4      | Gained mutation: You expend magic power (3 MP) to
                  | strengthen your wands. [potion of mutation]
  3823 | D:4      | Learned a level 2 spell: Passwall
  4051 | D:4      | HP: 1/35 [orc warrior/+0 trident (15)]
  4053 | D:4      | Slain by an orc warrior

Illustrated notes

Levels and vault maps discovered:
D:1:      beargit_arrival_diablo_church, layout_basic, serial_forest,
          infiniplex_forest_straight_5, infiniplex_forest_split,
          infiniplex_forest_lined_room_2, infiniplex_forest_clump_small,
          infiniplex_forest_end_3, infiniplex_forest_clump_small,
          nicolae_wormholes
D:2:      kennysheep_big_flooded_room, layout_loops_cross
D:3:      layout_basic, gammafunk_ghost_smash
D:4:      layout_basic

Skill      XL: |  1  2  3  4  5  6 |
---------------+-------------------+-----
Fighting       | 1 2 |  2.1
Armour         | 1 2 |  2.0
Evocations     | 1 2 |  2.7
Conjurations   | 1 2 |  2.7
Earth Magic    | 4 |  4.8
Spellcasting   | 3 |  3.2
Maces & Flails | |  0.7
Dodging        | |  1.5
Stealth        | |  2.1
Transmutations | |  0.7

Action                   |  1- 3 |  4- 6 || total
-------------------------+-------+-------++-------
Melee: Unarmed           |    11 |       ||    11
       Club              |    11 |       ||    11
       Hand axe          |    63 |   103 ||   166
Throw: Throwing net      |       |     2 ||     2
       Dart              |       |     8 ||     8
 Cast: Sandblast         |    41 |    81 ||   122
  Use: Scroll            |       |     6 ||     6
       Potion            |       |     5 ||     5
Armor: Robe              |    17 |       ||    17
       Ring mail         |     2 |   127 ||   129
Dodge: Dodged            |    38 |   123 ||   161

Table legend: (Time is in decaauts)
 A = Elapsed time spent in this place.
 B = Non-inter-level travel time spent in this place.
 C = Inter-level travel time spent in this place.
 D = Time resting spent in this place.
 E = Time spent auto-exploring this place.
 F = Levels seen in this place.
 G = Mean time per level.
                   A        B        C        D        E       F      G
               +--------+--------+--------+--------+--------+-----+--------+
         Total |   4170 |   3977 |    193 |    714 |   2397 |   4 | 1042.5 |
       Dungeon |   4170 |   3977 |    193 |    714 |   2397 |   4 | 1042.5 |
               +--------+--------+--------+--------+--------+-----+--------+

Top non-repeatable levels by time:
     D:1: 1478 daAuts
     D:2: 1138 daAuts
     D:4: 940 daAuts
     D:3: 613 daAuts
